 Dungeon Crawl Stone Soup version 0.17-a0-2098-gf59d6bc (webtiles) character file.

42 4thArraOfDagon the Chopper (level 3, -9/30 HPs)
             Began as a Vine Stalker Berserker on Oct 17, 2015.
             Was a Follower of Trog.
             Mangled by an orc
             ... wielding a +0 morningstar
              (10 damage)
             ... on level 3 of the Dungeon.
             The game lasted 00:01:08 (173 turns).

4thArraOfDagon the Chopper (Vine Stalker Berserker)  Turns: 173, Time: 00:01:09

Health: -9/30      AC:  2    Str: 24    XL:     3   Next: 56%
Magic:  0/4        EV: 12    Int:  7    God:    Trog [*.....]
Gold:   15         SH:  0    Dex: 14    Spells: 0 memorised, 2 levels left

rFire  . . .     SeeInvis .     a - +0 hand axe
rCold  . . .     Clarity  .     b - +0 animal skin
rNeg   . . .     SustAt   .     (no shield)
rPois  .         Gourm    .     (no helmet)
rElec  .         Spirit   +     (no cloak)
rCorr  .         Warding  .     (no gloves)
rMut   .         Stasis   .     (no boots)
MR     .....                    (no amulet)
Stlth  ..........               (no ring)
                                f - ring of flight

@: berserking, very quick, not resistant to hostile enchantments, extremely
unstealthy
A: fangs 2, regeneration 1, magic shield, antimagic bite, no device heal 3, rot
immunity
a: Burn Spellbooks, Berserk, Renounce Religion, Evoke Flight


You were on level 3 of the Dungeon.
You worshipped Trog.
Trog was aware of your devotion.
You were not hungry.

You visited 1 branch of the dungeon, and saw 3 of its levels.

You collected 15 gold pieces.

Inventory:

Hand Weapons
 a - a +0 hand axe (weapon)
Armour
 b - a +0 animal skin (worn)
Jewellery
 f - a ring of flight (left hand)
Scrolls
 e - a scroll of fear {unknown}
 g - 2 scrolls of identify {unknown}
Comestibles
 c - a bread ration
 d - a royal jelly
 h - a chunk of flesh


   Skills:
 + Level 3.1 Fighting
 * Level 3.3 Axes
 + Level 2.0 Armour
 - Level 1.5 Dodging


You had 2 spell levels left.
You didn't know any spells.

Dungeon Overview and Level Annotations

Branches:
Dungeon (3/15)

Altars:


Innate Abilities, Weirdness & Mutations

You have extremely sharp teeth.
Your natural rate of healing is unusually fast.
When hurt, damage is shared between your health and your magic reserves.
Your bite disrupts and absorbs the magic of your enemies.
Potions and wands cannot restore your health.
You are immune to rotting.


Message History

You see here a tomahawk.
A gnoll and an orc priest come into view.
The orc priest looks braver for a moment.
Unknown command.
Unknown command.
The orc priest shouts!
The orc shouts!
The orc hits you with a morningstar!
Ouch! That really hurt!
The orc hits you with a flail!
* * * LOW HITPOINT WARNING * * *
The orc hits you with a dagger.
* * * LOW HITPOINT WARNING * * *
The orc hits you but does no damage.
Unknown command.
Unknown command.
Use which ability?
A red film seems to cover your vision as you go berserk!
You feel yourself moving faster!
You feel mighty!
You feel somewhat more hungry. The orc hits you with a morningstar!
You die...

#.# #.o. #### ...
#... .o#
#%..######o######
................
#.....o........
#.....o@.......
#......oo......
#..(((.........
#.........o....
#..............
#..............
#...........$..
#..............
#.............


You could see 2 orc priests and 6 orcs.

Vanquished Creatures
  A hound (D:3)
  A giant cockroach (D:3)
  A hobgoblin (D:3)
  2 kobolds (D:3)
  A quokka (D:3)
  3 goblins
  A jackal (D:3)
  2 rats
12 creatures vanquished.

Notes
Turn   | Place    | Note
--------------------------------------------------------------
     0 | D:1      | 4thArraOfDagon the Vine Stalker Berserker began the quest for the Orb.
     0 | D:1      | Reached XP level 1. HP: 11/11 MP: 2/2
    69 | D:3      | Reached XP level 2. HP: 7/16 MP: 0/3
    71 | D:3      | Reached skill level 3 in Axes
    82 | D:3      | Noticed a hound
   118 | D:3      | Killed a hound
   118 | D:3      | Reached XP level 3. HP: 20/20 MP: 4/4
   168 | D:2      | You fall through a shaft!
   170 | D:3      | Noticed an orc priest
   171 | D:3      | Noticed an orc priest
   172 | D:3      | HP: 1/20 [orc/dagger (2)]
   173 | D:3      | Mangled by an orc

Vault maps used:
D:1:      lemuel_arrival_broad_hall
D:2:      grunt_temple_overflow_open, lemuel_statue_altar,
          uniq_crazy_yiuf_cottage
D:3:      nemelex_xobeh_ov_fountains_minmay, grunt_dithmenos_smoke,
          elyvilon_altar_5, first_bread, minmay_close_crescents, uniq_grinder

Action                   || total
-------------------------++-------
Melee: Hand axe          ||    26
Invok: Berserk           ||     3
